 Dungeon Crawl Stone Soup version 0.19-a0-611-gb5a7e8d (webtiles) character file.

306302 packetloss the Fetichist (level 22, -5/185 HPs)
             Began as a Formicid Wanderer on June 10, 2016.
             Was the Champion of Nemelex Xobeh.
             Killed from afar by a deep elf sorcerer (55 damage)
             ... with damnation
             ... led by an ironheart preserver
             ... on level 4 of the Vaults on June 13, 2016.
             The game lasted 05:39:34 (66493 turns).

packetloss the Fetichist (Formicid Wanderer)       Turns: 66493, Time: 05:39:36

Health: -5/185     AC: 27    Str: 23    XL:     22   Next: 48%
Magic:  44/44      EV: 14    Int: 10    God:    Nemelex Xobeh [******]
Gold:   1132       SH: 13    Dex: 18    Spells: 5 memorised, 10 levels left

rFire  . . .     SeeInvis +     K - staff of earth
rCold  . . .     Gourm    .     M - +4 plate armour of Fashionability {+Inv rF- Str+8}
rNeg   + . .     Faith    .     F - +2 buckler {rC+}
rPois  .         Spirit   .     (helmet unavailable)
rElec  +         Dismiss  .     q - +2 cloak
rCorr  .         Reflect  +     x - +0 pair of gloves
SustAt .         Harm     .     H - +2 pair of boots {run}
MR     ++++.                    b - +4 amulet of reflection
Stlth  ..........               t - ring "Keiditt" {rElec MR+ MP+9 Str-4}
                                v - ring "Zimnionk" {+Blink rF+ rC- rN+ MR+ Stlth+}

@: corroded, quick, incredibly resistant to hostile enchantments, extremely
unstealthy
A: permanent stasis, dig shafts and tunnels, four strong arms, antennae 3, weak
1
a: Dig, Shaft Self, Triple Draw, Deal Four, Stack Five, Renounce Religion, Evoke
Invisibility
}: 1/15 runes: serpentine


You were on level 4 of the Vaults.
You worshipped Nemelex Xobeh.
Nemelex Xobeh was exalted by your worship.
You were hungry.

You visited 7 branches of the dungeon, and saw 38 of its levels.
You visited 1 bazaar.
You also visited: Volcano and Wizlab.

You collected 3837 gold pieces.
You spent 2705 gold pieces at shops.

Inventory:

Hand Weapons
 g - a +2 quarterstaff of speed
 O - the +5 quarterstaff "Yrphegio" {antimagic, rC+ Int+4}
   (You found it on level 1 of the Depths)

   It reduces the magical energy of the wielder, and disrupts the spells and
   magical abilities of those hit.
   Natural abilities and divine invocations are not affected.
   It affects your intelligence (+4).
   It protects you from cold.
Missiles
 B - 26 tomahawks (quivered)
Armour
 q - a +2 cloak (worn)
 x - a +0 pair of gloves (worn)
 F - a +2 buckler of cold resistance (worn)
 H - a +2 pair of boots of running (worn)
 M - the +4 plate armour of Fashionability (worn) {+Inv rF- Str+8}
   (You found it on level 4 of the Lair of Beasts)

   It affects your strength (+8).
   It makes you vulnerable to fire.
   It lets you turn invisible.
Magical Staves
 K - an uncursed staff of earth (weapon)
Rods
 w - a +0 rod of clouds (13/13)
   (You found it on level 15 of the Dungeon)
Jewellery
 a - an uncursed amulet of guardian spirit
 b - a +4 amulet of reflection (around neck)
 k - an uncursed ring of protection from fire
 t - the ring "Keiditt" (right hand) {rElec MR+ MP+9 Str-4}
   (You bought it in a shop on level 2 of the Depths)

   [ring of magical power]

   It affects your strength (-4).
   It insulates you from electricity.
   It affects your resistance to hostile enchantments.
   It affects your magic capacity (+9).
 v - the ring "Zimnionk" (left hand) {+Blink rF+ rC- rN+ MR+ Stlth+}
   (You found it on level 11 of the Dungeon)

   [ring of stealth]

   It protects you from fire.
   It makes you vulnerable to cold.
   It protects you from negative energy.
   It affects your resistance to hostile enchantments.
   It lets you blink.
   It makes you more stealthy.
 z - an uncursed ring of poison resistance
 L - an uncursed ring of protection from cold
 P - an uncursed ring of sustain attributes
Wands
 m - a wand of enslavement (6/24)
 u - a wand of flame (19/48)
 D - a wand of digging (10/24)
 N - a wand of lightning (3/15)
 Q - a wand of heal wounds (5/9)
 R - a wand of slowing (25/48)
Scrolls
 e - 4 scrolls of enchant weapon
 h - 13 scrolls of remove curse
 i - 2 scrolls of identify
 j - a scroll of silence
 C - a scroll of summoning {unknown}
 E - 4 scrolls of recharging
Potions
 c - 6 potions of resistance
 d - 7 potions of might
 l - 8 potions of agility
 n - a potion of invisibility
 p - 10 potions of heal wounds
 r - 16 potions of curing
 G - 2 potions of cancellation
 I - 7 potions of flight
Miscellaneous
 s - an ornate deck of war {drawn: 2}
 y - an ornate deck of war
 A - an ornate deck of war
 J - an ornate deck of war
 S - a legendary deck of destruction {drawn: 1}
 T - a legendary deck of destruction
 U - a legendary deck of war {drawn: 5}
 V - a legendary deck of escape
 W - a legendary deck of escape
 X - a lamp of fire
 Y - a phial of floods
 Z - a disc of storms
Comestibles
 f - 7 bread rations {@e1}
 o - 9 chunks of flesh


   Skills:
 + Level 18.3 Fighting
 - Level 14.4 Staves
   Level 1.0 Crossbows
 + Level 17.8 Armour
 - Level 9.8 Dodging
 - Level 10.7 Shields
 + Level 15.3 Earth Magic
 - Level 7.1 Invocations
 + Level 18.4 Evocations


You had 10 spell levels left.
You knew the following spells:

 Your Spells              Type           Power        Failure   Level  Hunger
a - Apportation           Tloc           #.........   100%        1    ##.....
b - Song of Slaying       Chrm           #.......     100%        2    ###....
c - Regeneration          Chrm/Necr      #.........   100%        3    ####...
d - Petrify               Tmut/Erth      ###.....     94%         4    #####..
e - Summon Butterflies    Summ           #.......     100%        1    ##.....


Dungeon Overview and Level Annotations

Branches:
Dungeon (15/15)            Temple (0/1) D:6            Lair (6/6) D:8
 Shoals (4/4) Lair:2        Snake (4/4) Lair:2        Slime (0/5) Lair:6
    Orc (2/2) D:9             Elf (0/3) Orc:2        Vaults (5/5) D:13
  Crypt (0/3) Vaults:3     Depths (2/5) D:15

Altars:
Cheibriados
Dithmenos
Fedhas
Kikubaaqudgha
Makhleb
Nemelex Xobeh
Okawaru
Pakellas
Sif Muna
Trog
Vehumet
Xom
Yredelemnul
The Shining One
Beogh
Lugonu

Shops:
D:9 ?=(   D:11 :   D:12 (   Orc:2 ::[!!   Vaults:2 (   Depths:2 *

Annotations:
Lair:6 exclusion: 5 oklob plants
Shoals:4 packetloss's ghost, adept MfSu
Snake:3 brand weapon
Vaults:5 ! swarm
Depths:2 Mara


Innate Abilities, Weirdness & Mutations

You are under a permanent stasis effect.
You can dig through walls and to a lower floor.
Your four strong arms can wield two-handed weapons with a shield.
You have a pair of large antennae on your head. (SInv)
You are weak. (Str -2)


Message History

The vault guard hits you with a great sword.
You hit the vault guard but do no damage.
You kill the vault guard!
The deep elf archer shoots an arrow.
The arrow hits you but does no damage.
The deep elf sorcerer points at you and mumbles some strange words.
The sphere of damnation explodes!
The damnation engulfs you!
* * * LOW HITPOINT WARNING * * *
Evoke which item? (* to show all) (? for menu, Esc to quit)
Zapping:
Q - a wand of heal wounds (1/9)
Press: ? - help, Shift-Dir - straight line, f - you You feel much better.
This wand has 0 charges left.
The deep elf archer blinks!
Charge which item? (? for menu, Esc to quit)
As you read the scroll of recharging, it crumbles to dust.
Your wand of heal wounds (0/9) glows for a moment and now has 5 charges.
The deep elf sorcerer points at you and mumbles some strange words.
You resist with almost no effort.
The deep elf sorcerer casts a spell at you.
The sphere of damnation explodes!
The damnation engulfs you!
You die...
Your body glows with a rainbow of weird colours and disappears.

#. ########.
#.....(#.
#......#.
####.e...)#)
#..#ยง....)+(
#.)))...((##
#.@#(.....#
#..########
pe..# ...e..#
....C...# {
######..#
+..# { #..#
####


You could see an ironheart preserver, a stone giant, 2 deep elf sorcerers and a
deep elf archer.

Vanquished Creatures
  A lich (Depths:1)
  4 tentacled starspawn (WizLab)
  A fire giant (Vaults:4)
  6 greater nagas (Snake:4)
  2 frost giants (Vaults:4)
  A deep elf sorcerer (Vaults:1)
  12 vault wardens
  The ghost of Lightli the Brawler, an adept VSWn of Elyvilon (Depths:1)
  12 ironheart preservers
  12 very ugly things
  A war gargoyle (WizLab)
  7 stone giants
  A deep elf demonologist (Vaults:1)
  2 deep elf annihilators
  3 dire elephants (Lair:6)
  An eidolon (Vaults:3)
  The ghost of broliato the Fencer, a journeyman MiFi of Okawaru (Shoals:1)
  Snorg (Orc:1)
  2 fire dragons
  3 ettins
  2 merfolk impalers (Shoals:2)
  Josephine (Lair:5)
  7 great orbs of eyes
  A rakshasa (D:15)
  12 yaktaur captains
  21 naga warriors
  18 vault guards
  3 ice dragons
  5 centaur warriors
  A merfolk avatar (Shoals:3)
  A ghost crab (shapeshifter) (Vaults:1)
  8 anacondas
  5 hydras
  9 ogre magi
  Erolcha (D:13)
  2 satyrs (Shoals:3)
  A death knight (Vaults:2)
  An alligator (Snake:1)
  2 merfolk aquamancers
  The ghost of uglyjohn the Severer, a novice HOFi of Makhleb (D:11)
  A queen ant (Lair:6)
  7 naga sharpshooters
  An orc high priest (Orc:1)
  2 deep troll earth magi (Vaults:1)
  10 shock serpents
  4 deep elf knights
  Nergalle (Orc:2)
  4 skeletal warriors
  2 fire crabs
  5 salamander mystics
  5 giant orange brains (WizLab)
  An unseen horror (shapeshifter) (D:15)
  4 sea snakes
  An orange crystal statue (WizLab)
  10 deep trolls
  2 swamp dragons (Snake:1)
  An unseen horror (Vaults:1)
  8 naga ritualists
  9 hill giants
  3 deep elf archers (Vaults:3)
  15 harpies
  10 ironbrand convokers
  10 deep elf magi
  9 mana vipers
  12 orc knights
  13 orc sorcerers
  3 wolf spiders
  42 ugly things
  2 cyclopes
  A cyclops (shapeshifter) (Vaults:4)
  5 hornets
  19 salamanders
  4 manticores
  11 griffons
  7 elephants (Lair:6)
  Joseph (D:8)
  2 toenail golems (Volcano)
  An octopode (Lair:1)
  An octopode (shapeshifter) (Vaults:4)
  2 guardian serpents (shapeshifter)
  A black mamba (shapeshifter) (Vaults:3)
  35 black mambas
  3 guardian serpents
  3 eyes of devastation
  5 water nymphs
  4 centaur skeletons
  A torpor snail (Lair:5)
  A torpor snail (shapeshifter) (D:15)
  8 spiny frogs
  A gargoyle (D:15)
  13 vault sentinels
  6 sirens
  24 naga magi
  10 komodo dragons
  3 rime drakes
  2 efreet
  3 freezing wraiths
  21 yaktaurs
  5 kobold demonologists
  5 trolls
  2 red devils (Volcano)
  2 queen bees
  A polar bear (Lair:3)
  15 two-headed ogres
  7 boulder beetles
  2 wind drakes
  A snapping turtle (Shoals:2)
  11 blink frogs
  20 merfolk
  20 slime creatures
  A blink frog (shapeshifter) (D:14)
  A spriggan (shapeshifter) (D:15)
  A spriggan (Lair:3)
  2 redbacks (Vaults:3)
  A vampire (D:14)
  6 water elementals
  A tarantella (Vaults:3)
  A wyvern (D:11)
  43 yaks
  2 centaur simulacra (D:15)
  2 shadows
  7 wraiths
  2 neqoxecs (WizLab)
  A hippogriff (shapeshifter) (Vaults:3)
  4 golden eyes (WizLab)
  3 basilisks
  9 hippogriffs
  16 vampire mosquitoes
  A hungry ghost (D:8)
  A yaktaur simulacrum (Vaults:3)
  5 wargs
  4 mottled dragons
  51 nagas
  3 swamp worms (Snake:1)
  A hell hound (shapeshifter) (Vaults:3)
  4 soldier ants (Lair:6)
  14 water moccasins
  2 hell hounds
  11 porcupines
  4 ice beasts
  2 necrophages
  An ettin simulacrum (Vaults:2)
  36 orc warriors
  3 sky beasts
  3 wasps
  A tengu (shapeshifter) (D:15)
  2 black bears
  40 ogres
  3 phantoms
  8 boggarts
  14 centaurs
  13 wolves
  18 crocodiles
  23 giant frogs
  6 big kobolds
  A deep troll simulacrum (Vaults:1)
  A water moccasin zombie (D:6)
  A wyvern zombie (D:14)
  3 scorpions
  2 wyvern skeletons
  43 killer bees
  10 wights
  3 crimson imps
  2 jellies
  2 quasits
  2 giant frog zombies
  A wasp zombie (D:8)
  6 hounds
  15 orc priests
  12 iguanas
  56 orc wizards
  30 worker ants
  5 sheep
  3 hound skeletons
  A mummy (D:6)
  A howler monkey zombie (D:8)
  2 worker ant zombies
  4 gnolls (D:8)
  20 adders
  42 river rats
  6 shadow imps
  4 oozes
  3 worms
  A dart slug (D:3)
  10 giant geckos
  105 orcs
  A giant cockroach (D:2)
  12 hobgoblins
  6 jackals
  35 kobolds
  5 quokkas
  A ball python (D:1)
  11 bats
  A giant gecko skeleton (D:6)
  4 giant newts
  11 goblins
  2 hobgoblin zombies (D:6)
  A kobold zombie (D:6)
  An orc zombie (D:6)
  A quokka skeleton (D:8)
  9 rats
  6 plants (Lair:6)
  8 starspawn tentacles (WizLab)
  A starspawn tentacle segment (WizLab)
1552 creatures vanquished.

Vanquished Creatures (collateral kills)
  An acid blob (Lair:6)
  A tentacled starspawn (WizLab)
  An orc warlord (Orc:2)
  A stone giant (WizLab)
  2 dire elephants (Lair:6)
  A crystal guardian (WizLab)
  2 hydras
  An ice dragon (Lair:5)
  A giant orange brain (WizLab)
  2 hill giants (D:12)
  A deep elf mage (Vaults:1)
  An orc sorcerer (Orc:1)
  A griffon (Shoals:2)
  7 elephants (Lair:6)
  An eye of devastation (WizLab)
  A naga mage (Snake:4)
  2 polar bears (Lair:5)
  4 yaks
  2 golden eyes (WizLab)
  A water moccasin (Lair:5)
  3 porcupines
  An orc warrior (Orc:2)
  A scorpion (D:12)
  An orc wizard (Orc:2)
  A river rat (D:8)
  A quokka (D:8)
  A fungus (Lair:5)
43 creatures vanquished.

Vanquished Creatures (others)
  An ironheart preserver (Vaults:2)
  A vault guard (Vaults:4)
  4 naga sharpshooters
  An ironbrand convoker (Vaults:4)
  A deep elf archer (Vaults:3)
  A deep elf mage (D:14)
  A cyclops (Shoals:3)
  A naga mage (Snake:2)
  2 yaktaurs (Vaults:4)
  A troll (D:6)
  A polar bear (Lair:5)
  A water elemental (Shoals:3)
  A naga (Snake:1)
  A boggart (Vaults:2)
  2 centaurs
  An orc (Orc:2)
  A kobold (D:7)
  2 demonic plants (WizLab)
  14 fungi
  29 plants
  11 starspawn tentacles (WizLab)
  68 starspawn tentacle segments (WizLab)
146 creatures vanquished.

Grand Total: 1741 creatures vanquished

Notes
Turn   | Place    | Note
--------------------------------------------------------------
     0 | D:1      | packetloss the Formicid Wanderer began the quest for the Orb.
     0 | D:1      | packetloss set off with: a wand of confusion (15/48), a +0 mace, a +0 quarterstaff, a +0 robe, a bread ration {@e1}
     0 | D:1      | Reached XP level 1. HP: 20/20 MP: 1/1
    83 | D:1      | Reached XP level 2. HP: 22/26 MP: 3/3
   397 | D:1      | Reached XP level 3. HP: 19/31 MP: 4/4
  1334 | D:2      | Reached XP level 4. HP: 38/38 MP: 5/5
  1536 | D:2      | Found a shimmering altar of Xom.
  2209 | D:3      | Reached XP level 5. HP: 36/43 MP: 6/6
  2537 | D:3      | Found a deep blue altar of Sif Muna.
  3188 | D:4      | Found a blossoming altar of Fedhas.
  3320 | D:3      | Reached XP level 6. HP: 50/50 MP: 7/7
  3458 | D:4      | Reached skill level 5 in Fighting
  3612 | D:4      | Found a bloodstained altar of Trog.
  4262 | D:4      | Noticed an ogre
  4295 | D:4      | Killed an ogre
  4295 | D:4      | Reached XP level 7. HP: 56/56 MP: 9/9
  4377 | D:5      | Entered Level 5 of the Dungeon
  4833 | D:5      | Found a sparkling altar of Nemelex Xobeh.
  4839 | D:5      | Became a worshipper of Nemelex Xobeh the Trickster
  4891 | D:5      | Reached XP level 8. HP: 55/63 MP: 10/10
  4985 | D:5      | Received a gift from Nemelex Xobeh
  5198 | D:5      | Reached skill level 5 in Staves
  5365 | D:5      | Found a sparkling altar of Nemelex Xobeh.
  5399 | D:6      | Found a snail-covered altar of Cheibriados.
  5403 | D:6      | Killed a troll
  5406 | D:6      | Found an iron altar of Okawaru.
  6153 | D:6      | You fall through a shaft for 3 floors!
  6370 | D:8      | Reached * piety under Nemelex Xobeh
  6472 | D:8      | Noticed an orange demon
  6548 | D:8      | Noticed a two-headed ogre
  6560 | D:7      | Got a slimy leather armour
  6697 | D:7      | Reached XP level 9. HP: 38/69 MP: 12/12
  7170 | D:6      | Found an oddly glowing altar of Pakellas.
  7170 | D:6      | Received a gift from Nemelex Xobeh
  7170 | D:6      | Noticed an orange crystal statue
  7258 | D:6      | Found a staircase to the Ecumenical Temple.
  7350 | D:6      | Found an iron altar of Okawaru.
  7385 | D:6      | Reached skill level 5 in Shields
  7438 | D:6      | Found a deep blue altar of Sif Muna.
  7790 | D:7      | Reached skill level 5 in Armour
  8198 | D:7      | Reached skill level 5 in Evocations
  8259 | D:7      | Identified the +1 leather armour of Bemyph {rElec Str+8 Int+6 Slay-4} (You found it on level 7 of the Dungeon)
  8762 | D:8      | Reached ** piety under Nemelex Xobeh
  8838 | D:8      | Reached XP level 10. HP: 58/79 MP: 14/14
  9141 | D:8      | Found a basalt altar of Yredelemnul.
  9206 | D:8      | Noticed Joseph
  9233 | D:8      | Killed Joseph
  9401 | D:8      | Received a gift from Nemelex Xobeh
  9779 | D:8      | Found a burning altar of Makhleb.
 10168 | D:8      | Found a staircase to the Lair.
 10198 | D:8      | Reached skill level 5 in Dodging
 10223 | D:7      | Reached XP level 11. HP: 30/86 MP: 14/16
 11392 | D:9      | Found a staircase to the Orcish Mines.
 11442 | D:9      | Found Vabod's Magic Scroll Boutique.
 11453 | D:9      | Found Izuss's Jewellery Shoppe.
 11477 | D:9      | Found Eczica's Weapon Boutique.
 11497 | D:9      | Received a gift from Nemelex Xobeh
 11504 | D:9      | Found a shadowy altar of Dithmenos.
 12022 | D:9      | Noticed a hill giant
 12035 | D:9      | Killed a hill giant
 12041 | Orc:1    | Entered Level 1 of the Orcish Mines
 12041 | Orc:1    | Noticed an orc sorcerer
 12073 | D:10     | Entered Level 10 of the Dungeon
 12103 | D:10     | Reached *** piety under Nemelex Xobeh
 12103 | D:10     | Received a gift from Nemelex Xobeh
 12327 | D:10     | Found an iron altar of Okawaru.
 12331 | D:10     | Received a gift from Nemelex Xobeh
 12336 | D:10     | Noticed a hill giant
 12362 | D:10     | Killed a hill giant
 12435 | D:10     | Noticed a hill giant
 12451 | D:10     | Killed a hill giant
 12569 | D:10     | Received a gift from Nemelex Xobeh
 13043 | D:11     | Got a warped wooden ring
 13046 | D:11     | Identified the ring "Zimnionk" {+Blink rF+ rC- rN+ MR+ Stlth+} (You found it on level 11 of the Dungeon)
 13113 | D:11     | Reached **** piety under Nemelex Xobeh
 13231 | D:11     | Noticed uglyjohn's ghost (novice HOFi)
 13280 | D:11     | Killed uglyjohn's ghost
 13428 | D:11     | Found Uremubin's Book Emporium.
 13657 | D:11     | Reached XP level 12. HP: 90/94 MP: 17/17
 13913 | D:12     | Learned a level 1 spell: Apportation
 14020 | D:12     | Reached skill level 10 in Staves
 14087 | D:12     | Received a gift from Nemelex Xobeh
 14335 | D:12     | Noticed a four-headed hydra
 14343 | D:12     | Killed a four-headed hydra
 14386 | D:12     | Found Wufrur's Antique Weapon Boutique.
 14530 | D:12     | Received a gift from Nemelex Xobeh
 16233 | Lair:1   | Entered Level 1 of the Lair of Beasts
 16330 | Lair:1   | Reached XP level 13. HP: 91/102 MP: 19/19
 16587 | Lair:1   | Noticed a four-headed hydra
 16601 | Lair:1   | Killed a four-headed hydra
 16987 | Lair:1   | Received a gift from Nemelex Xobeh
 17005 | Lair:1   | Reached skill level 10 in Shields
 17269 | Lair:2   | Reached skill level 10 in Fighting
 17940 | Lair:2   | Found a staircase to the Snake Pit.
 18319 | Lair:2   | Found a staircase to the Shoals.
 18470 | Lair:2   | Found a glowing golden altar of the Shining One.
 18605 | Lair:2   | Reached ***** piety under Nemelex Xobeh
 18788 | Lair:3   | Found a dark tunnel.
 18791 | Volcano  | Entered a volcano
 18898 | Volcano  | Received a gift from Nemelex Xobeh
 18918 | Volcano  | Reached skill level 10 in Evocations
 19291 | Lair:3   | Reached skill level 10 in Armour
 19799 | Lair:3   | Reached XP level 14. HP: 89/111 MP: 21/21
 21044 | Lair:4   | Received a gift from Nemelex Xobeh
 21362 | Lair:5   | Found a frozen archway.
 22092 | Lair:4   | Got a polished plate armour
 22104 | Lair:4   | Identified the +4 plate armour of Fashionability {+Inv rF- Str+8} (You found it on level 4 of the Lair of Beasts)
 22352 | Lair:5   | Received a gift from Nemelex Xobeh
 22511 | Lair:5   | Got an encrusted ring mail
 22584 | Lair:5   | Noticed Josephine
 22603 | Lair:5   | Killed Josephine
 22827 | Lair:4   | Identified the +4 ring mail of Xom's Displeasure {rF+ rN+ Str+4} (You found it on level 5 of the Lair of Beasts)
 23233 | Lair:6   | Entered Level 6 of the Lair of Beasts
 23748 | Lair:6   | Noticed an acid blob
 24599 | Lair:6   | Found a staircase to the Slime Pits.
 24813 | Lair:6   | Reached skill level 1 in Invocations
 24837 | Lair:6   | Killed an acid blob
 25097 | Lair:6   | Received a gift from Nemelex Xobeh
 25474 | Lair:6   | Reached XP level 15. HP: 119/119 MP: 23/23
 26938 | Orc:1    | Noticed Snorg
 26950 | Orc:1    | Killed Snorg
 27272 | Orc:1    | Noticed a stone giant
 27287 | Orc:1    | Killed a stone giant
 27691 | Orc:2    | Entered Level 2 of the Orcish Mines
 27697 | Orc:2    | Found Unlaix's Distillery.
 27697 | Orc:2    | Received a gift from Nemelex Xobeh
 27740 | Orc:2    | Found a staircase to the Elven Halls.
 27773 | Orc:2    | Bought a potion of resistance for 110 gold pieces
 27773 | Orc:2    | Bought a potion of heal wounds for 55 gold pieces
 27773 | Orc:2    | Bought a potion of magic for 88 gold pieces
 27773 | Orc:2    | Bought a potion of brilliance for 44 gold pieces
 28395 | Orc:2    | Noticed an orc warlord
 28879 | Orc:2    | Killed an orc warlord
 29174 | Orc:2    | Received a gift from Nemelex Xobeh
 29182 | Orc:2    | Found Hacwi Ojozu's Distillery.
 29206 | Orc:2    | Bought a potion of might for 52 gold pieces
 29206 | Orc:2    | Bought a potion of heal wounds for 65 gold pieces
 29212 | Orc:2    | Reached ****** piety under Nemelex Xobeh
 29230 | Orc:2    | Found Vuitig's Antique Armour Boutique.
 29272 | Orc:2    | Bought a glowing cloak for 148 gold pieces
 29305 | Orc:2    | Found an ancient bone altar of Kikubaaqudgha.
 29306 | Orc:2    | Noticed Nergalle
 29372 | Orc:2    | Killed Nergalle
 29436 | Orc:2    | Reached skill level 5 in Invocations
 29533 | Orc:2    | Found a radiant altar of Vehumet.
 29596 | Orc:2    | Found a roughly hewn altar of Beogh.
 29621 | Orc:2    | Found Egyt's Book Shop.
 29635 | Orc:2    | Found Noanaps's Book Shop.
 30018 | D:9      | Bought a scroll of acquirement for 728 gold pieces
 30029 | D:9      | Got a spiked shield
 30035 | D:9      | Identified the +0 shield of Least Resistance {*Confuse rC+ Str+8 Stlth+} (You acquired it on level 9 of the Dungeon)
 30041 | D:9      | Bought a scroll of identify for 28 gold pieces
 30441 | D:13     | Found a gate to the Vaults.
 30492 | D:13     | Reached XP level 16. HP: 113/129 MP: 25/25
 30673 | D:13     | Found a corrupted altar of Lugonu.
 30757 | D:13     | Noticed Erolcha
 30766 | D:13     | Killed Erolcha
 30920 | D:13     | Received a gift from Nemelex Xobeh
 31382 | D:14     | Received a gift from Nemelex Xobeh
 31431 | D:14     | Learned a level 2 spell: Song of Slaying
 31435 | D:14     | Learned a level 3 spell: Regeneration
 32049 | D:15     | Entered Level 15 of the Dungeon
 32174 | D:15     | Received a gift from Nemelex Xobeh
 32427 | D:15     | Identified a +0 rod of clouds (13/13) (You found it on level 15 of the Dungeon)
 32715 | D:15     | Received a gift from Nemelex Xobeh
 33274 | Orc:2    | Bought a book of Misfortune for 220 gold pieces
 33280 | Orc:2    | Learned a level 4 spell: Petrify
 33565 | D:15     | Reached skill level 1 in Earth Magic
 33648 | D:15     | Found a staircase to the Depths.
 33677 | Depths:1 | Entered Level 1 of the Depths
 33802 | Depths:1 | Noticed a lich
 33824 | Depths:1 | Killed a lich
 33874 | Depths:1 | Noticed Lightli's ghost (adept VSWn)
 33909 | Depths:1 | Killed Lightli's ghost
 33979 | Depths:1 | Found a magical portal.
 33987 | WizLab   | Entered Lehudib's Moon Base
 33997 | WizLab   | Noticed a tentacled starspawn
 34013 | WizLab   | Killed a tentacled starspawn
 34139 | WizLab   | Noticed a tentacled starspawn
 34473 | WizLab   | Noticed a tentacled starspawn
 34492 | WizLab   | Killed a tentacled starspawn
 34492 | WizLab   | Reached XP level 17. HP: 127/137 MP: 26/26
 34503 | WizLab   | Noticed a tentacled starspawn
 34527 | WizLab   | Killed a tentacled starspawn
 34643 | WizLab   | Noticed a tentacled starspawn
 34659 | WizLab   | Noticed a tentacled starspawn
 34661 | WizLab   | Killed a tentacled starspawn
 34683 | WizLab   | Killed a tentacled starspawn
 34683 | WizLab   | Reached skill level 5 in Earth Magic
 35211 | WizLab   | Gained mutation: You are weak. (Str -2) [a neqoxec]
 35918 | Depths:1 | You fall through a shaft!
 35918 | Depths:2 | Found Jiny's Assorted Antiques.
 36128 | Depths:2 | Bought an ancient glass ring for 190 gold pieces
 36143 | Depths:2 | Identified the ring "Keiditt" {rElec MR+ MP+9 Str-4} (You bought it in a shop on level 2 of the Depths)
 36183 | Depths:2 | Noticed Mara
 36197 | Depths:1 | Got a transparent quarterstaff
 36612 | Shoals:1 | Entered Level 1 of the Shoals
 36612 | Shoals:1 | Received a gift from Nemelex Xobeh
 36634 | Shoals:1 | Identified the +5 quarterstaff "Yrphegio" {antimagic, rC+ Int+4} (You found it on level 1 of the Depths)
 37192 | Shoals:1 | Received a gift from Nemelex Xobeh
 37372 | Shoals:1 | Noticed broliato's ghost (journeyman MiFi)
 37429 | Shoals:1 | Killed broliato's ghost
 37921 | Shoals:3 | Received a gift from Nemelex Xobeh
 38145 | Shoals:2 | You fall through a shaft!
 38145 | Shoals:3 | Received a gift from Nemelex Xobeh
 38382 | Shoals:4 | Entered Level 4 of the Shoals
 38382 | Shoals:4 | Noticed packetloss's ghost (adept MfSu)
 38666 | Shoals:4 | Found a flickering gateway to a bazaar.
 38702 | Bazaar   | Entered a bazaar
 38716 | Bazaar   | Found Hats's Armour Emporium.
 38716 | Bazaar   | Found Hucvot's Gadget Shoppe.
 38739 | Bazaar   | Found Vupuffoo's Magic Scroll Shoppe.
 38774 | Bazaar   | Received a gift from Nemelex Xobeh
 38787 | Bazaar   | Found Congil's Armour Emporium.
 38787 | Bazaar   | Found Waisogit's Armour Shoppe.
 38904 | Bazaar   | Bought a +1 pair of boots of running for 657 gold pieces
 38954 | Bazaar   | Bought a disc of storms for 320 gold pieces
 39332 | Shoals:3 | Reached XP level 18. HP: 138/146 MP: 28/28
 39799 | Snake:1  | Entered Level 1 of the Snake Pit
 40101 | Snake:1  | Upgraded the game from 0.19-a0-594-g235f30c to 0.19-a0-599-g723c685
 40262 | Snake:1  | Received a gift from Nemelex Xobeh
 42269 | Snake:2  | Received a gift from Nemelex Xobeh
 43194 | Snake:3  | Received a gift from Nemelex Xobeh
 43460 | Snake:4  | Entered Level 4 of the Snake Pit
 44214 | Snake:3  | Received a gift from Nemelex Xobeh
 45862 | Snake:2  | Reached skill level 15 in Evocations
 46146 | Snake:2  | Reached skill level 15 in Fighting
 47034 | Snake:3  | Reached skill level 10 in Earth Magic
 47299 | Snake:4  | Reached XP level 19. HP: 137/155 MP: 30/30
 47651 | Snake:4  | Received a gift from Nemelex Xobeh
 48100 | Snake:4  | Reached skill level 15 in Armour
 52040 | Snake:4  | Got a serpentine rune of Zot
 52467 | Vaults:1 | Entered Level 1 of the Vaults
 52591 | Vaults:1 | Received a gift from Nemelex Xobeh
 52946 | Vaults:1 | Reached XP level 20. HP: 150/165 MP: 32/32
 54544 | Vaults:1 | Got a slimy ring mail
 54604 | Vaults:1 | Identified the +1 ring mail of Pan-Flutes {Int+8 Slay-2} (You found it on level 1 of the Vaults)
 55090 | Vaults:1 | Received a gift from Nemelex Xobeh
 55206 | Vaults:1 | Learned a level 1 spell: Summon Butterflies
 56709 | Vaults:2 | Received a gift from Nemelex Xobeh
 57684 | Vaults:2 | Received a gift from Nemelex Xobeh
 57727 | Vaults:2 | Found Yvim's Antique Weapon Shoppe.
 59141 | Vaults:3 | Received a gift from Nemelex Xobeh
 59297 | Vaults:3 | Reached XP level 21. HP: 86/174 MP: 33/33
 61929 | Vaults:3 | Found a staircase to the Crypt.
 62100 | Vaults:3 | Received a gift from Nemelex Xobeh
 63989 | Vaults:4 | Received a gift from Nemelex Xobeh
 64060 | Vaults:3 | Reached XP level 22. HP: 91/184 MP: 34/34
 64477 | Vaults:5 | Entered Level 5 of the Vaults
 65132 | Vaults:4 | Upgraded the game from 0.19-a0-599-g723c685 to 0.19-a0-611-gb5a7e8d
 65333 | Vaults:4 | Received a gift from Nemelex Xobeh
 65464 | Vaults:4 | Reached skill level 15 in Earth Magic
 66493 | Vaults:4 | Killed from afar by a deep elf sorcerer

Vault maps used:
D:1:      minmay_arrival_jagged
D:2:      lemuel_doored_altar, kennysheep_generic_room_14
D:3:      overflow_temple_1_default, serial_bayou_lagoon_b
D:4:      bloody_trog, old_standard_altar, first_bread
D:5:      nemelex_xobeh_ov_fountains_minmay, nemelex_diamond_rough_becter
D:6:      kennysheep_orc_sif_temple, gammafunk_pakellas_statue_experiment,
          grunt_temple_overflow_open, temple_pool_a, basic_altar, minmay_holes,
          minmay_mini_ossuary
D:8:      lemuel_coloured_pillars_altar, minmay_lair_entry_grove,
          david_nohive_1, lemuel_hellish_altar, uniq_joseph
D:9:      grunt_dithmenos_smoke, orc_david_3, serial_shops, shop,
          nicolae_shop_statue_plus, shop
D:10:     okawaru_trees_1
D:11:     serial_shops, nicolae_shop_trees
D:12:     serial_glass, glass_columns_a, glass_columns_a, serial_shops, shop
D:13:     erik_vaults_2, minmay_misc_feat_doors, tgw_lugonu_bribe, uniq_erolcha
D:14:     minivault_27
D:15:     gammafunk_enter_depths_forms, minmay_misc_feat_columns,
          serial_co_window_serial, co_window_paths_a, co_window_corner_a,
          co_window_corner_a, co_window_corner_a, co_window_paths_b,
          co_window_of_opportunity_a, co_window_of_opportunity_a,
          co_window_corner_a, co_window_corner_a, co_window_corner_b,
          co_window_corner_cb, co_window_unsneaky_path_d, co_window_broadway_a,
          co_window_paths_c, co_window_cross_4, co_window_4corner_b,
          glass_columns_b, glass_columns_a, glass_columns_a
Lair:1:   beast_lair_carwin_5, grunt_megastairs_3
Lair:2:   minmay_lair_venomous_thicket, elwin_shoals_entry_rocks,
          minmay_snake_entry_guardpost_large, basic_altar, st_stairs_4
Lair:3:   special_room, lightli_volcano_entry_magma_tube,
          grunt_forest_stairs_clearing
Lair:5:   dragon1_lemuel, portal_ice_cave_entry_animals_and_master,
          serial_bayou_lagoon_a, uniq_josephine
Lair:6:   due_jungle_book, minmay_slime_entry_oklob_open, zaba_antful_of_joy,
          grunt_megastairs_1
Shoals:1: overgrown_statue
Shoals:4: shoals_end_hangedman, shoals_ilsuiw_ice, serial_shops,
          bzr_entry_islet, nicolae_shoals_seven_spires, uniq_kirke
Snake:1:  onia_ninara_swampy_vault
Snake:3:  nicolae_snake_shapes
Snake:4:  snake_pit
Orc:1:    uniq_snorg
Orc:2:    kennysheep_orc_mage_school, serial_shops, shop, rock_pile
Vaults:1: v_misc_1, nicolae_vaults_border_crossing, v_misc_10,
          nicolae_vaults_three_branches
Vaults:2: hangedman_vaults_restitches, nicolae_vaults_yaktaur_gun_rack,
          nicolae_vaults_big_ls, nicolae_vaults_ring_of_whatevers,
          grunt_vaults_twisty, vaults_room_octagon,
          nicolae_vaults_ninety_degrees, ontoclasm_vaults_loading_screen,
          vaults_room_corners, nicolae_vaults_gold_heap, serial_shops,
          nicolae_shop_overgrown_old_shop
Vaults:3: ontoclasm_vaults_idyll, vaults_mumra_chevron_long,
          minmay_crypt_entry_simple_plaza, grunt_vaults_bifocal,
          vaults_room_corners, v_misc_11, v_misc_27, v_misc_14, v_misc_26,
          nicolae_vaults_rhombus_5, nicolae_vaults_network_square,
          vaults_mumra_hex
Vaults:4: nicolae_vaults_little_squares_1, vaults_standard_mumra_x, v_misc_4,
          nicolae_vaults_know_your_exits, ontoclasm_vaults_idyll,
          nicolae_vaults_network_quincunx, v_misc_10, nicolae_vaults_asterisk
Vaults:5: serial_shops
Depths:1: lightli_too_deep, hangedman_abyss_entry_splay, mu_enter_wizlab_1,
          grunt_decor_mini_mirrors, water_boxes_lemuel, firewood_loft,
          serial_bayou_shore_b
Depths:2: minmay_eyes, special_room, pf_hell_entry_tar_spiral, serial_shops,
          shop, minmay_strange_pillars, enter_trove_1, uniq_mara
Bazaar:   bazaar_long_row
Volcano:  volcano_pools
WizLab:   wizlab_lehudib

Skill      XL: |  1  2  3  4  5  6  7  8  9 10 11 12 13 14 15 16 17 18 19 20 21 22 |
---------------+-------------------------------------------------------------------+-----
Staves         | 2 3 4 5 7 8 9 10 11 12 13 14 | 14.4
Evocations     | 2 3 4 5 6 7 9 10 11 12 13 14 15 16 17 18 | 18.4
Armour         | 2 3 4 5 6 7 8 10 11 12 13 14 15 16 17 | 17.8
Dodging        | 2 3 4 5 6 7 8 9 |  9.8
Shields        | 2 3 4 5 6 8 9 10 | 10.7
Fighting       | 5 6 7 8 9 10 11 12 13 14 15 16 17 18 | 18.3
Invocations    | 2 5 7 |  7.1
Earth Magic    | 4 7 10 11 13 14 15 | 15.3
Crossbows      | |  1.0

Action                   |  1- 3 |  4- 6 |  7- 9 | 10-12 | 13-15 | 16-18 | 19-21 | 22-24 || total
-------------------------+-------+-------+-------+-------+-------+-------+-------+-------++-------
Melee: Quarterstaff      |   124 |   218 |   505 |  1220 |  2656 |  2606 |  1636 |    20 ||  8985
       Staff             |       |       |       |       |       |    60 |  1592 |   369 ||  2021
Throw: Tomahawk          |       |     1 |    10 |    24 |    18 |     8 |    10 |       ||    71
 Abil: Dig               |     5 |     1 |     6 |    16 |    29 |    58 |    21 |       ||   136
       Shaft Self        |       |       |       |       |       |     1 |       |       ||     1
Evoke: Wand              |     2 |     3 |     5 |    17 |    20 |    19 |    13 |    13 ||    92
       Deck              |       |       |     1 |    17 |    54 |    26 |     8 |     5 ||   111
       Rod               |       |       |       |       |       |     4 |       |       ||     4
       Lamp of fire      |       |       |       |       |       |       |       |     1 ||     1
       Phial of floods   |       |       |       |       |       |       |       |     1 ||     1
  Use: Potion            |       |     1 |       |       |       |     4 |     2 |       ||     7
       Scroll            |       |       |     5 |     9 |    14 |    14 |     3 |     2 ||    47
 Stab: Confused          |       |       |     4 |    17 |       |    14 |     7 |       ||    42
       Paralysed         |       |       |       |       |     5 |       |       |       ||     5
       Distracted        |       |       |       |       |     4 |       |     1 |       ||     5
  Eat: Chunk             |     2 |     8 |    11 |    22 |    35 |    33 |    26 |     7 ||   144
       Meat ration       |       |     1 |       |     1 |     2 |       |       |       ||     4
       Beef jerky        |       |       |     1 |     1 |       |     1 |     2 |       ||     5
       Bread ration      |       |       |       |       |     2 |     6 |     5 |       ||    13
       Royal jelly       |       |       |       |       |       |     1 |       |       ||     1
       Fruit             |       |       |       |       |       |     2 |     3 |       ||     5
       Pizza             |       |       |       |       |       |       |     1 |       ||     1
Armor: Robe              |    27 |       |       |       |       |       |       |       ||    27
       Scale mail        |       |    81 |   149 |    74 |       |       |       |       ||   304
       Skin              |       |     1 |       |       |       |       |       |       ||     1
       Chain mail        |       |       |       |   187 |   304 |       |       |       ||   491
       Plate armour      |       |       |       |       |   323 |   461 |   695 |    98 ||  1577
Dodge: Dodged            |    76 |   112 |   180 |   276 |   668 |   397 |   654 |   115 ||  2478
Block: Other             |       |     6 |    43 |       |       |       |       |       ||    49
       Reflection        |       |     1 |     5 |     6 |    15 |    89 |    70 |    15 ||   201
       Shield            |       |       |    75 |   656 |   382 |   331 |       |       ||  1444
       Buckler           |       |       |       |       |   826 |   553 |   978 |   143 ||  2500
